AoeStats
← robynifft23

Arabia

509444304Analyzed
1v1 RM · 7d ago on Sep 26, 2026· 56m 3s· 2 players
Game mode
Random Map
Map size
Tiny (2 player)
Population
200
Speed
Normal
Resources
Standard
Victory
Conquest
Starting age
Dark Age
Ending age
Imperial Age
RankedLock teamsTeams togetherTeam positionsShared explorationLock speedFull tech treeHidden civsTurbo modeCheats
Victory
Defeat
🇮🇹 Saxons · Italy
983
+16
🇹🇷 Franks · Türkiye
983
-16
robynifft23
5:13 Loom
10:10 Feudal Age
10:50 Double-Bit Axe
10:47 Horse Collar
12:02 Town Watch
15:11 Wheelbarrow
14:37 Gold Mining
15:17 Arson
17:38 Forging
21:42 Castle Age
21:19 Scale Mail Armor
21:50 Pikeman
22:31 Squires
22:44 Bow Saw
22:38 Heavy Plow
26:54 Chain Mail Armor
27:14 Iron Casting
31:06 Fletching
31:43 Bodkin Arrow
32:42 Stone Mining
39:44 Imperial Age
39:48 Ballistics
39:11 Treadmill Crane
39:27 Murder Holes
39:17 Treadmill Crane
39:58 Ballistics
40:32 Gold Shaft Mining
40:16 Hand Cart
40:02 Town Patrol
41:00 Conscription
41:06 Masonry
40:29 Elite Skirmisher
41:14 Halberdier
43:15 Thumb Ring
44:03 Conscription
45:08 Two-Man Saw
44:47 Crop Rotation
45:16 Bracer
46:23 Chemistry
45:54 Architecture
46:53 Plate Mail Armor
47:56 Padded Archer Armor
50:07 Leather Archer Armor
49:14 Elite Varangian Guard
50:53 Gambesons
52:13 Ring Archer Armor
52:47 Block Printing
53:01 Illumination
52:55 Shield Wall
54:27 Theocracy
55:01 Redemption
kara
0:34 Loom
10:39 Feudal Age
11:11 Double-Bit Axe
20:23 Castle Age
19:20 Stone Mining
19:23 Gold Mining
21:28 Bow Saw
21:56 Gold Shaft Mining
21:26 Husbandry
24:21 Scale Barding Armor
25:28 Padded Archer Armor
26:39 Fletching
27:19 Bodkin Arrow
27:07 Crossbowman
28:49 Leather Archer Armor
36:23 Imperial Age
34:42 Chain Barding Armor
34:33 Forging
36:39 Cavalier
38:26 Iron Casting
41:21 Ballistics
41:47 Conscription
44:30 Chemistry
44:27 Plate Barding Armor
46:00 Paladin
47:32 Elite Skirmisher
50:12 Wheelbarrow
49:46 Town Watch
51:11 Hand Cart
53:06 Murder Holes
54:34 Blast Furnace
Connection lost

Rejoining the realm…

Still unreachable

The connection could not be restored.

Session expired

The server has moved on; the page needs a fresh start.